 Dungeon Crawl Stone Soup version 0.29-a0-821-g66395355a5 (webtiles) character file.

Game seed: 13169577202268672746

5952 HoaS the Skirmisher (level 10, -1/61 (66) HPs)
             Began as a Tengu Hunter on July 7, 2022.
             Was a Follower of Makhleb.
             Shot with a sling bullet by Joseph (14 damage)
             ... on level 9 of the Dungeon.
             The game lasted 00:18:22 (7536 turns).

HoaS the Skirmisher (Tengu Hunter)                  Turns: 7536, Time: 00:18:23

HP:   -1/61 (66)    AC: 10    Str: 12    XL:     10   Next: 84%
MP:   11/11         EV: 24    Int: 10    God:    Makhleb [*.....]
Gold: 467           SH:  5    Dex: 21    Spells: 9/9 levels left

rFire   . . .      SeeInvis .   h - +3 arbalest
rCold   . . .      Faith    .   (shield currently unavailable)
rNeg    . . .      Spirit   .   p - +0 swamp dragon scales
rPois   +          Reflect  +   (helmet restricted)
rElec   .          Harm     .   (no cloak)
rCorr   .          Rampage  .   j - +2 pair of gloves
Will    .....                   (boots unavailable)
Stlth   +.........              f - amulet of reflection
HPRegen 0.20/turn               m - +4 ring of evasion
MPRegen 0.12/turn               (no ring)

@: flying quickly and evasively, drained, quick
A: beak, talons 3, nimble flight
a: Renounce Religion


You were on level 9 of the Dungeon.
You worshipped Makhleb.
Makhleb was aware of your devotion.
You visited 2 branches of the dungeon, and saw 10 of its levels.
You also visited: Sewer.

You collected 467 gold pieces.

Inventory:

Hand Weapons
 h - a +3 arbalest (weapon)
Armour
 c - a +1 leather armour
 j - a +2 pair of gloves (worn)
 p - +0 swamp dragon scales (worn)
Jewellery
 f - an amulet of reflection (around neck)
 m - a +4 ring of evasion (left hand)
 r - a ring of ice
Wands
 a - a wand of digging (4)
 e - a wand of flame (12)
 u - a wand of quicksilver (10)
 w - a wand of polymorph (2)
Scrolls
 b - 3 scrolls of immolation
 o - 2 scrolls of fear
 v - a scroll of identify
Potions
 d - 7 potions of curing
 g - a potion of resistance
 i - a potion of ambrosia
 k - a potion of lignification
 l - 5 potions of attraction
 n - 3 potions of mutation


   Skills:
 - Level 9.2 Fighting
 + Level 14.1 Ranged Weapons
 - Level 10.0 Dodging
 - Level 1.0 Stealth


You had 9 spell levels left.
You didn't know any spells.
Your spell library contained the following spells:

 Spells                   Type           Power      Damage    Failure   Level
 Ensorcelled Hibernation  Hex/Ice        0%         N/A       78%         2
 Gell's Gravitas          Tloc           0%         N/A       95%         3
 Lesser Beckoning         Tloc           0%         N/A       95%         3
 Spider Form              Tmut/Pois      0%         N/A       95%         3
 Teleport Other           Tloc           0%         N/A       95%         3
 Anguish                  Hex/Necr       0%         N/A       100%        4


Dungeon Overview and Level Annotations

Branches:
Dungeon (8/15)             Temple (1/1) D:7             Orc (0/2) D:9
  Sewer (visited)
   Lair: D:8-11

Altars:
Ashenzari
Cheibriados
Dithmenos
Elyvilon
Fedhas
Hepliaklqana
Kikubaaqudgha
Makhleb
Nemelex Xobeh
Okawaru
Qazlal
Ru
Sif Muna
Trog
Uskayaw
Vehumet
Wu Jian
Xom
Yredelemnul
Zin
The Shining One

Shops:
D:4 (   D:7 ([(

Annotations:
D:9 Joseph


Innate Abilities, Weirdness & Mutations

You have a beak for a mouth.
You have claws for feet.
Your magical nature lets you fly swiftly and evasively.


Message History

Makhleb accepts your kill.
Fire: h) +3 arbalest
Press: ? - help, Q - select action, (/) - cycle Shift-Dir - straight line, f - you
Okay, then.
You feel much better.
Okay, then.
You drop an amulet of faith.
You block the orc warrior's attack. The orc completely misses you.
Things that are here:
a +0 spear of freezing; a +0 scale mail; a +0 buckler You shoot a bolt.
The bolt hits the orc!!
You kill the orc!
Makhleb accepts your kill.
You hear a shout! x2
An orc wizard comes into view. It is wielding a +2 dagger of flaming.
You block the orc warrior's attack.
The orc warrior hits you from afar with a +0 glaive!
You hear a shout!
You shoot a bolt. The bolt hits Joseph.
Joseph is moderately wounded.
Joseph unwields a +0 sling.
Joseph wields a +2 quarterstaff of draining.
You sense an unholy aura.
Joseph hits you with a +2 quarterstaff of draining!
You feel drained. You block the orc warrior's attack.
Joseph hits you with a +2 quarterstaff of draining.
You feel drained.
You are too injured to fight recklessly!
As you read the scroll of fog, it crumbles to dust.
The scroll dissolves into smoke.
The orc warrior misses you.
Joseph hits you with a +2 quarterstaff of draining.
* * * LOW HITPOINT WARNING * * *
You feel drained.
* * * LOW HITPOINT WARNING * * *
Joseph unwields a +2 quarterstaff of draining.
Joseph wields a +0 sling.
Joseph shoots a sling bullet.
The sling bullet barely misses you.
You hear a shout!
Joseph shoots a sling bullet.
The sling bullet hits you!
You die...

#..o#§§§§...#
#.o@#§§§....+
####§§§§§####
#.§§o§8.....#
#.§§§§@.....#######
....§§§.§§......'...#
....8.§.)>§...8..#...#
........§.......+#####
...#......@....#.....+
...#.....8)....#.....#
####.....##########
...#....)..#....#
....#.......#....# ...
#.......#....# ..
#............#
#............#
#............#


You could see Joseph and an orc wizard.

Vanquished Creatures
  A two-headed ogre (D:8)
  Maggie (D:7)
  A shadow (D:9)
  5 yaks (D:9)
  Edmund (D:6)
  3 water moccasins
  5 orc warriors
  A black bear (D:8)
  2 ice beasts
  5 ogres
  A centaur (D:9)
  Blork the orc (D:5)
  2 kobold brigands (Sewer)
  3 bullfrogs
  A gnoll sergeant (D:9)
  2 necrophages
  2 scorpions
  5 orc priests
  3 hounds
  5 jellies
  7 orc wizards
  3 iguanas
  11 gnolls
  13 adders
  A river rat (Sewer)
  A shadow imp (D:7)
  A white imp (D:5)
  An ufetubus (D:5)
  6 worms
  4 dart slugs
  34 orcs
  12 ball pythons
  11 endoplasms
  7 giant cockroaches
  12 goblins
  8 hobgoblins
  3 jackals (D:1)
  3 quokkas
  5 bats
  4 frilled lizards
  8 kobolds
  7 rats
212 creatures vanquished.

Vanquished Creatures (others)
  38 fungi
  45 plants
83 creatures vanquished.

Grand Total: 295 creatures vanquished

Notes
Turn   | Place    | Note
-------+----------+-------------------------------------------
     0 | D:1      | HoaS the Tengu Hunter began the quest for the Orb.
     0 | D:1      | Reached XP level 1. HP: 12/12 MP: 2/2
   320 | D:1      | Reached XP level 2. HP: 17/17 MP: 3/3
   339 | D:1      | Reached skill level 5 in Ranged Weapons
   621 | D:1      | Reached XP level 3. HP: 21/21 MP: 4/4
   651 | D:1      | Found a faded altar of an unknown god.
   947 | D:2      | Reached skill level 6 in Ranged Weapons
   947 | D:2      | Reached XP level 4. HP: 24/26 MP: 5/5
  1349 | D:2      | Gained mutation: Your magical nature lets you fly swiftly
                  | and evasively. [Tengu growth]
  1349 | D:2      | Reached XP level 5. HP: 30/30 MP: 6/6
  1820 | D:3      | Reached skill level 7 in Ranged Weapons
  1884 | D:3      | Reached XP level 6. HP: 33/35 MP: 7/7
  1964 | D:3      | Reached skill level 8 in Ranged Weapons
  2861 | D:4      | Reached skill level 9 in Ranged Weapons
  2861 | D:4      | Reached XP level 7. HP: 34/40 MP: 8/8
  3200 | D:4      | Found Puycih's Weapon Shoppe.
  3328 | D:4      | Found a stormy altar of Qazlal.
  3692 | D:5      | Entered Level 5 of the Dungeon
  3803 | D:5      | Reached skill level 10 in Ranged Weapons
  4164 | D:5      | Reached XP level 8. HP: 44/44 MP: 9/9
  4167 | D:5      | Reached skill level 10 in Dodging
  4167 | D:5      | Reached XP level 9. HP: 60/60 MP: 10/10
  4258 | D:5      | Noticed Blork the orc
  4265 | D:5      | Killed Blork the orc
  4933 | D:6      | Reached skill level 11 in Ranged Weapons
  5052 | D:6      | Noticed Edmund
  5059 | D:6      | Killed Edmund
  5345 | D:6      | Found a glowing drain.
  5363 | Sewer    | Entered a sewer
  5893 | D:7      | Noticed Maggie
  5900 | D:7      | Killed Maggie
  5901 | D:7      | Reached skill level 12 in Ranged Weapons
  5924 | D:7      | Found a staircase to the Ecumenical Temple.
  5932 | Temple   | Entered the Ecumenical Temple
  6037 | Temple   | Became a worshipper of Makhleb the Destroyer
  6096 | D:7      | Found Idon's Weapon Emporium.
  6203 | D:7      | Identified the +5 whip "Kumoas" {freeze, Str+6}
  6204 | D:7      | Found an iron altar of Okawaru.
  6229 | D:7      | Reached XP level 10. HP: 66/66 MP: 11/11
  6307 | D:7      | Found Abohuepp's Antique Armour Emporium.
  6497 | D:7      | Identified the +11 falchion of Intuition {distort, rC+
                  | Dex+3}
  6695 | D:7      | Found Tumen's Antique Weapon Boutique.
  6989 | D:8      | Noticed a two-headed ogre
  6994 | D:8      | Killed a two-headed ogre
  6995 | D:8      | Reached skill level 13 in Ranged Weapons
  7060 | D:8      | You are sucked into a shaft and drop 1 floor!
  7097 | D:9      | Noticed Joseph
  7209 | D:9      | Found a shimmering blue altar of Sif Muna.
  7270 | D:9      | Reached * piety under Makhleb
  7446 | D:9      | Found a staircase to the Orcish Mines.
  7509 | D:9      | Reached skill level 14 in Ranged Weapons
  7536 | D:9      | Shot with a sling bullet by Joseph

Illustrated notes

Levels and vault maps discovered:
D:1:      lightli_arrival_boilingwater, layout_basic,
          shapermc_ecumenical_altar_mp_ritualfount
D:2:      layout_loops_ring, minmay_pentomino_pile
D:3:      layout_basic
D:4:      layout_loops_cross, old_standard_altar, serial_shops,
          nicolae_shop_hallway_stairs
D:5:      layout_basic, serial_bayou_pond_c, uniq_blork_the_orc
D:6:      layout_rooms, cheibrodos_sewer_entry_bend, uniq_edmund
D:7:      layout_basic, mainiacjoe_overflow_concentric_impassable,
          temple_fountains, serial_shops, nicolae_shop_advertising_works
          [nicolae_subvault_shop_adworks], nicolae_shop_bloodbath_and_beyond,
          nicolae_shop_hallway_plus, minmay_misc_feat_tower, uniq_maggie
D:8:      layout_rooms, due_lair_maze_entry_diamond
D:9:      layout_grid_maze, lemuel_blue_sif_altar,
          mainiacjoe_overflow_boulevard, david_orc_2, enter_bailey_5,
          uniq_joseph
Temple:   nicolae_temple_two_arcs

Skill      XL: |  1  2  3  4  5  6  7  8  9 10 |
---------------+-------------------------------+-----
Ranged Weapons | 5 6 7 9 10 12 14 | 14.1
Fighting       | 9 |  9.2
Dodging        | 10 | 10.0
Stealth        | |  1.0

Action                   |  1- 3 |  4- 6 |  7- 9 | 10-12 || total
-------------------------+-------+-------+-------+-------++-------
Melee: Shortbow          |       |       |     1 |       ||     1
       Kick              |       |       |     1 |       ||     1
 Fire: Shortbow          |   102 |   161 |   140 |       ||   403
       Arbalest          |       |       |   118 |   116 ||   234
  Use: Scroll            |     6 |     6 |    15 |     2 ||    29
       Potion            |       |       |     3 |     2 ||     5
Armor: Leather armour    |    13 |     8 |    14 |       ||    35
       Swamp dragon scal |       |       |       |    11 ||    11
Dodge: Dodged            |    41 |    27 |    67 |    69 ||   204
Block: Other             |       |     3 |    24 |    25 ||    52
       Reflection        |       |       |       |     3 ||     3

Table legend: (Time is in decaauts)
 A = Elapsed time spent in this place.
 B = Non-inter-level travel time spent in this place.
 C = Inter-level travel time spent in this place.
 D = Time resting spent in this place.
 E = Time spent auto-exploring this place.
 F = Levels seen in this place.
 G = Mean time per level.
                   A        B        C        D        E       F      G
               +--------+--------+--------+--------+--------+-----+--------+
         Total |   7254 |   6884 |    370 |   1570 |   4013 |  11 |  659.5 |
       Dungeon |   6899 |   6555 |    344 |   1570 |   3775 |   9 |  766.6 |
        Temple |    104 |     78 |     26 |      0 |     69 |   1 |  104.0 |
         Sewer |    251 |    251 |      0 |      0 |    167 |   1 |  251.0 |
               +--------+--------+--------+--------+--------+-----+--------+

Top non-repeatable levels by time:
     D:5: 1089 daAuts
     D:7: 981 daAuts
     D:3: 958 daAuts
     D:2: 943 daAuts
     D:1: 871 daAuts
     D:4: 823 daAuts
     D:6: 568 daAuts
     D:9: 476 daAuts
   Sewer: 251 daAuts
     D:8: 186 daAuts
  Temple: 104 daAuts
